 Dungeon Crawl Stone Soup version 0.22-a0-86-g94e0ad4 (webtiles) character file.

391 shenanigans the Skirmisher (level 6, 0/49 HPs)
             Began as a Barachi Monk on Jan 21, 2018.
             Was a Believer of Cheibriados.
             Succumbed to a worker ant's poison
             ... on level 5 of the Dungeon.
             The game lasted 00:07:30 (4243 turns).

shenanigans the Skirmisher (Barachi Monk)           Turns: 4243, Time: 00:07:30

Health: 0/49       AC:  6    Str: 16 (17) XL:     6   Next: 80%
Magic:  20/20      EV: 13    Int: 16 (18) God:    Cheibriados [**....]
Gold:   142        SH:  0    Dex: 17 (19) Spells: 12/12 levels left

rFire    . . .     SeeInvis .   s - +0 war axe
rCold    . . .     Gourm    .   (no shield)
rNeg     . . .     Faith    .   i - +0 ring mail
rPois    .         Spirit   .   e - +0 helmet
rElec    .         Reflect  .   (no cloak)
rCorr    .         Harm     .   (no gloves)
MR       .....                  (no boots)
Stlth    ++........             (no amulet)
HPRegen  0.16/turn              k - ring of magical power
MPRegen  0.17/turn              (no ring)

@: lethally poisoned (0 -> -4), hasted, very slow
A: +LOS, swims, slowness 1, strong legs 1
a: Hop, Bend Time, Renounce Religion


You were on level 5 of the Dungeon.
You worshipped Cheibriados.
Cheibriados was pleased with you.
You were not hungry.

You visited 2 branches of the dungeon, and saw 6 of its levels.

You collected 142 gold pieces.

Inventory:

Hand Weapons
 a - a +0 hand axe
 s - a +0 war axe (weapon)
Armour
 b - a +0 robe
 e - a +0 helmet (worn)
 i - a +0 ring mail (worn)
Jewellery
 k - a ring of magical power (left hand)
Wands
 p - a wand of scattershot (7)
Scrolls
 d - a scroll of random uselessness {unknown}
 h - 2 scrolls of remove curse {unknown}
 j - 2 scrolls of enchant weapon {unknown}
 l - 4 scrolls of identify {unknown}
 n - 2 scrolls of blinking {unknown}
 o - a scroll of fear {unknown}
 q - a scroll of amnesia {unknown}
 t - a scroll of enchant armour {unknown}
 u - a scroll of magic mapping {unknown}
 v - a scroll of teleportation {unknown}
Comestibles
 c - 6 rations


   Skills:
 + Level 4.7 Fighting
 - Level 3.2 Axes
 + Level 3.1 Armour
 + Level 4.3 Dodging
 + Level 3.0 Stealth
 * Level 3.5 Spellcasting
 + Level 1.2 Invocations


You had 12 spell levels left.
You didn't know any spells.

Dungeon Overview and Level Annotations

Branches:
Dungeon (5/15)             Temple (1/1) D:4

Altars:
Cheibriados
Dithmenos
Fedhas
Hepliaklqana
Kikubaaqudgha
Makhleb
Nemelex Xobeh
Qazlal
Ru
Sif Muna
Trog
Vehumet
Wu Jian
Xom
Yredelemnul
Zin
The Shining One

Shops:
D:5 *

Annotations:
D:4 senyk's ghost, amateur FoFi


Innate Abilities, Weirdness & Mutations

Shadows flee at your approach. (+LOS)
You can swim through water.
You cover ground slowly.
You can hop short distances.


Message History

You feel weakened.
You feel dopey.
You feel clumsy.
* * * LOW HITPOINT WARNING * * *
You feel sick.
It was a potion of magic.
Magic courses through your body.
It was a potion of haste.
You feel yourself speed up.
Cheibriados forgives your accidental hurry, just this once.
* * * LOW HITPOINT WARNING * * *
You feel sick.
* * * LOW HITPOINT WARNING * * *
You feel sick.
* * * LOW HITPOINT WARNING * * *
You feel sick.
* * * LOW HITPOINT WARNING * * *
You feel sick.
* * * LOW HITPOINT WARNING * * *
You feel sick.
Found a scroll labeled SAUQOVEHIU.
* * * LOW HITPOINT WARNING * * *
You feel sick.
You die...

#..#.#.####..#.#...##
#........†...).#.....
#....#.####..###...#
#....###...........##
......................
..##...###.###.###.###.
. #. .###.###.# # ..
.........# ##
.###.###@# #.# #.# #.#
#.# #?# #.# ###


There were no monsters in sight!

Vanquished Creatures
  A scorpion (D:5)
  A howler monkey (D:5)
  A bullfrog skeleton (D:5)
  A jelly (D:5)
  An orc priest (D:2)
  An orc wizard (D:4)
  A worker ant (D:5)
  7 adders
  2 worms
  4 dart slugs
  5 leopard geckos
  9 orcs
  5 giant cockroaches
  10 goblins
  6 hobgoblins
  6 jackals
  6 kobolds
  A quokka (D:5)
  4 bats
  3 frilled lizards
  A quokka skeleton (D:4)
  5 rats
81 creatures vanquished.

Notes
Turn   | Place    | Note
-------+----------+-------------------------------------------
     0 | D:1      | shenanigans the Barachi Monk began the quest for the Orb.
     0 | D:1      | Reached XP level 1. HP: 18/18 MP: 1/1
   482 | D:1      | Reached XP level 2. HP: 25/25 MP: 1/3
   558 | D:1      | Reached skill level 1 in Spellcasting
   612 | D:1      | Reached skill level 1 in Armour
   882 | D:2      | HP: 1/25 [adder (1)]
   886 | D:2      | Reached XP level 3. HP: 21/30 MP: 5/5
  1255 | D:2      | Found a bloodstained altar of Trog.
  1273 | D:2      | Reached XP level 4. HP: 36/37 MP: 6/6
  1657 | D:2      | Found a stormy altar of Qazlal.
  2071 | D:3      | Found a shimmering altar of Xom.
  2601 | D:2      | Reached XP level 5. HP: 38/42 MP: 8/8
  3249 | D:3      | Found a hazy altar of Hepliaklqana.
  3596 | D:4      | Found a staircase to the Ecumenical Temple.
  3602 | Temple   | Entered the Ecumenical Temple
  3788 | Temple   | Became a worshipper of Cheibriados the Contemplative
  3788 | Temple   | Reached * piety under Cheibriados
  3788 | Temple   | Reached ** piety under Cheibriados
  3818 | D:4      | Noticed senyk's ghost (amateur FoFi)
  3824 | D:5      | Entered Level 5 of the Dungeon
  3824 | D:5      | Found Zumem's Assorted Antiques.
  3939 | D:5      | Reached XP level 6. HP: 24/49 MP: 10/10
  3984 | D:5      | Reached skill level 1 in Invocations
  4136 | D:5      | HP: 2/49 [acid (8)]
  4238 | D:5      | HP: 2/49 [poisoned by a worker ant]
  4243 | D:5      | Succumbed to a worker ant's poison

Vault maps used:
D:1:      onia_arrival_mini_spirals, minmay_pentomino_u4
D:2:      nicolae_overflow_crystal_walls, old_standard_altar, first_ration
D:3:      lemuel_round_altar, xom_teletrap_fun
D:4:      minmay_temple_entry_hall, serial_shops, nicolae_shop_stone
D:5:      serial_shops, shop, shop_coins, nicolae_ossuary_entry_catacombs,
          hangedman_decor_riveting, uniq_ijyb, uniq_grinder
Temple:   nicolae_temple_figure_eight

Skill      XL: |  1  2  3  4  5  6 |
---------------+-------------------+-----
Stealth        | 2 3 |  3.0
Spellcasting   | 1 2 3 |  3.5
Armour         | 1 2 3 |  3.1
Fighting       | 4 |  4.7
Dodging        | 4 |  4.3
Invocations    | 1 |  1.2
Axes           | |  3.2

Action                   |  1- 3 |  4- 6 || total
-------------------------+-------+-------++-------
Melee: Hand axe          |   113 |   125 ||   238
       War axe           |       |   117 ||   117
Invok: Bend Time         |       |     1 ||     1
 Abil: Hop               |       |     2 ||     2
  Use: Potion            |     2 |     4 ||     6
 Stab: Sleeping          |     1 |     1 ||     2
  Eat: Chunk             |     1 |     8 ||     9
       Ration            |       |     1 ||     1
Armor: Ring mail         |    33 |    76 ||   109
       Robe              |     3 |       ||     3
Dodge: Dodged            |    85 |   178 ||   263

Table legend:
 A = Spawn XP
 B = Non-spawn XP
 C = Spawn XP percentage of total XP
 D = Spawn monster count
 E = Non-spawn monster count
 F = Spawn count percentage of total count
 G = Total turns spent on level
                    A         B        C        D         E        F      G
               +---------+---------+-------+---------+---------+-------+---------
         Total |       0 |     559 |   0.0 |       0 |      81 |   0.0 |  4243
               +---------+---------+-------+---------+---------+-------+---------
           D:1 |       0 |      43 |   0.0 |       0 |      19 |   0.0 |   910
           D:2 |       0 |     116 |   0.0 |       0 |      20 |   0.0 |  1352
           D:3 |       0 |      69 |   0.0 |       0 |      24 |   0.0 |  1133
           D:4 |       0 |      69 |   0.0 |       0 |       9 |   0.0 |   230
           D:5 |       0 |     262 |   0.0 |       0 |       9 |   0.0 |   419
               +---------+---------+-------+---------+---------+-------+---------
